 Dungeon Crawl Stone Soup version 0.29.1-12-g30fa7ad0bf (webtiles) character file.

Game seed: 10860780469279852098

1824 Peloso the Protected (level 8, -1/73 HPs)
             Began as a Minotaur Fighter on Dec 26, 2022.
             Was an Initiate of Okawaru.
             Slain by an unseen horror (5 damage)
             ... on level 6 of the Dungeon.
             The game lasted 00:13:52 (6767 turns).

Peloso the Protected (Minotaur Fighter)             Turns: 6767, Time: 00:13:53

Health: -1/73      AC: 15    Str: 28    XL:     8   Next: 86%
Magic:  7/7        EV: 12    Int:  5    God:    Okawaru [......]
Gold:   493        SH:  5    Dex: 12    Spells: 7/7 levels left

rFire   + + .      SeeInvis .   a - +1 long sword (freeze)
rCold   . . .      Faith    .   d - +0 buckler
rNeg    . . .      Spirit   .   F - +0 plate armour
rPois   .          Reflect  .   (helmet restricted)
rElec   .          Harm     .   (no cloak)
rCorr   .          Rampage  .   (no gloves)
Will    +....                   l - +0 pair of boots
Stlth   ..........              (no amulet)
HPRegen 0.22/turn               E - ring "Yxuedd" {rF++ EV+4 Str+7 Stlth-}
MPRegen 0.10/turn               B - ring of willpower

@: no status effects
A: horns 2, retaliatory headbutt
a: Renounce Religion


You were on level 6 of the Dungeon.
You worshipped Okawaru.
Okawaru was noncommittal.
You visited 1 branch of the dungeon, and saw 6 of its levels.
You also visited: Ossuary.

You collected 493 gold pieces.

Inventory:

Hand Weapons
 a - a +1 long sword of freezing (weapon)
Missiles
 z - a throwing net (quivered)
Armour
 b - a +0 scale mail
 c - a +0 scale mail
 d - a +0 buckler (worn)
 f - a +1 chain mail
 l - a +0 pair of boots (worn)
 F - a +0 plate armour (worn)
Jewellery
 g - a ring of positive energy
 j - a ring of fire
 B - a ring of willpower (right hand)
 E - the ring "Yxuedd" (left hand) {rF++ EV+4 Str+7 Stlth-}
   (You found it on level 6 of the Dungeon)

   [ring of evasion]

   EV:        It affects your evasion (+4).
   Str:       It affects your strength (+7).
   rF:        It greatly protects you from fire.
   Stlth:     It makes you less stealthy.
 H - an amulet of regeneration
Wands
 y - a wand of flame (10)
 G - a wand of roots (4)
Scrolls
 k - a scroll of blinking
 m - a scroll of fear
 o - a scroll of torment {unknown}
 r - 2 scrolls of teleportation
 t - a scroll of enchant weapon
 w - a scroll of summoning {unknown}
 x - a scroll of magic mapping {unknown}
 A - a scroll of identify
 D - a scroll of enchant armour
 I - 3 scrolls of butterflies {unknown}
Potions
 e - a potion of flight
 i - 4 potions of brilliance
 n - 4 potions of mutation
 p - 2 potions of haste
 q - a potion of magic
 s - 2 potions of resistance
 u - a potion of attraction {unknown}
 v - a potion of might
 C - a potion of invisibility {unknown}


   Skills:
 + Level 7.0 Fighting
 + Level 8.5 Long Blades
 + Level 8.7 Armour
 + Level 1.9 Dodging
 + Level 1.1 Stealth
 + Level 5.1 Shields


You had 7 spell levels left.
You didn't know any spells.
Your spell library contained the following spells:

 Spells                   Type           Power      Damage    Failure   Level
 Foxfire                  Conj/Fire      0%         2x1d4     99%         1
 Shock                    Conj/Air       0%         1d3       99%         1
 Conjure Flame            Conj/Fire      0%         6-21      100%        3
 Gell's Gravitas          Tloc           0%         N/A       100%        3
 Inner Flame              Hex/Fire       0%         N/A       100%        3
 Lesser Beckoning         Tloc           0%         N/A       100%        3
 Swiftness                Air            0%         N/A       100%        3
 Teleport Other           Tloc           0%         N/A       100%        3
 Airstrike                Air            0%         2d(0-16)  100%        4
 Flame Wave               Conj/Fire      0%         2d4       100%        4


Dungeon Overview and Level Annotations

Branches:
Dungeon (6/15)            Ossuary (visited)
 Temple: D:4-7

Altars:
Cheibriados
Elyvilon
Hepliaklqana
Kikubaaqudgha
Makhleb
Nemelex Xobeh
Okawaru
Sif Muna
Xom
Yredelemnul


Innate Abilities, Weirdness & Mutations

You have a pair of horns on your head.
You reflexively headbutt those who attack you in melee.


Message History

Unknown command.
Aiming: Fastroot
Press: ? - help, Shift-Dir - straight line The roots erupt in riotous growth!
Something hits you but does no damage. Something hits you.
* * * LOW HITPOINT WARNING * * *
You feel better. Something hits you but does no damage. Something hits you.
* * * LOW HITPOINT WARNING * * *
You feel better. Something hits you but does no damage.
Aiming: Fastroot
Press: ? - help, Shift-Dir - straight line The roots erupt in riotous growth!
Something hits you but does no damage.
Aiming: Fastroot
Press: ? - help, Shift-Dir - straight line The roots erupt in riotous growth!
Something hits you.
* * * LOW HITPOINT WARNING * * *
Unknown command.
Aiming: Fastroot
Press: ? - help, Shift-Dir - straight line The roots erupt in riotous growth!
Something hits you but does no damage. Something hits you.
* * * LOW HITPOINT WARNING * * *
Unknown command.
You hit something but do no damage.
Something hits you but does no damage. x2
You slash something! You freeze something.
Something hits you but does no damage. x2
You closely miss something.
Something hits you but does no damage. x2
Something hits you.
* * * LOW HITPOINT WARNING * * *
You closely miss something. Your headbutt misses something.
Something hits you but does no damage. x2
Aiming: Fastroot
Press: ? - help, Shift-Dir - straight line The roots erupt in riotous growth!
Something hits you but does no damage.
Okay, then.
Aiming: Fastroot
Press: ? - help, Shift-Dir - straight line The roots erupt in riotous growth!
Something hits you.
You die...

....#####.###..##.......
......###..###...........
..##....##.).............
##.................... .
#.....................
..#....#................
.......#................
.$(....##...............
.......@#...............
.......#...)............
#......#..#.............
###......###............
##.....# ##......##...
#.....###.......#....
###.....#......###...
#.#..........#.#...
#....).............


There were no monsters in sight!

Vanquished Creatures
  Sigmund (D:2)
  2 water moccasins
  An ice beast (D:5)
  An orc warrior (D:5)
  A black bear (D:5)
  An ogre (D:5)
  4 scorpions (D:5)
  4 hounds
  5 orc priests
  2 jellies (D:5)
  2 iguanas
  Natasha (thrice) (D:3)
  5 orc wizards
  8 mummies (Ossuary)
  Robin (D:4)
  6 adders
  An ufetubus (D:4)
  4 worms
  3 dart slugs
  16 orcs
  10 endoplasms
  3 giant cockroaches (D:1)
  2 gnoll zombies (Ossuary)
  14 goblins
  6 hobgoblins
  9 jackals
  3 kobolds
  3 quokkas
  4 ball pythons
  3 bats
  3 hobgoblin zombies (Ossuary)
  3 kobold zombies (Ossuary)
  13 rats
147 creatures vanquished.

Notes
Turn   | Place    | Note
-------+----------+-------------------------------------------
     0 | D:1      | Peloso the Minotaur Fighter began the quest for the Orb.
     0 | D:1      | Reached XP level 1. HP: 19/19 MP: 0/0
   100 | D:1      | Found a faded altar of an unknown god.
   242 | D:1      | Reached XP level 2. HP: 25/27 MP: 1/1
  1032 | D:1      | Reached XP level 3. HP: 30/33 MP: 2/2
  1486 | D:2      | Found an ancient bone altar of Kikubaaqudgha.
  1551 | D:2      | Noticed Sigmund
  1555 | D:2      | Killed Sigmund
  1556 | D:2      | Reached skill level 5 in Armour
  1556 | D:2      | Reached XP level 4. HP: 32/41 MP: 3/3
  1556 | D:2      | Reached XP level 5. HP: 37/47 MP: 4/4
  2364 | D:3      | Found a shimmering blue altar of Sif Muna.
  2365 | D:3      | Found a shimmering altar of Xom.
  2824 | D:3      | Noticed Natasha
  2834 | D:3      | Killed Natasha
  2932 | D:3      | Noticed Natasha
  2938 | D:3      | Killed Natasha
  2939 | D:3      | Reached skill level 5 in Fighting
  3003 | D:3      | Noticed Natasha
  3010 | D:3      | Killed Natasha
  3011 | D:3      | Reached XP level 6. HP: 52/56 MP: 5/5
  3216 | D:4      | Found a sand-covered staircase.
  3224 | Ossuary  | Entered an ossuary
  3302 | Ossuary  | Reached skill level 5 in Long Blades
  3445 | Ossuary  | Reached skill level 1 in Dodging
  4086 | D:4      | Noticed Robin
  4135 | D:4      | Killed Robin
  4464 | D:5      | Entered Level 5 of the Dungeon
  4502 | D:5      | Reached XP level 7. HP: 60/61 MP: 6/6
  5224 | D:5      | Reached XP level 8. HP: 67/70 MP: 7/7
  5574 | D:5      | Found a hazy altar of Hepliaklqana.
  5574 | D:5      | Found a basalt altar of Yredelemnul.
  5591 | D:5      | Found a white marble altar of Elyvilon.
  5592 | D:5      | Found an ancient bone altar of Kikubaaqudgha.
  5596 | D:5      | Found an iron altar of Okawaru.
  5597 | D:5      | Found a sparkling altar of Nemelex Xobeh.
  5602 | D:5      | Found a burning altar of Makhleb.
  5603 | D:5      | Became a worshipper of Warmaster Okawaru
  5605 | D:5      | Found a snail-covered altar of Cheibriados.
  5992 | D:6      | Reached skill level 5 in Shields
  6135 | D:6      | Reached skill level 1 in Stealth
  6150 | D:6      | HP: 3/71 [something (6)]
  6153 | D:6      | Identified the ring "Yxuedd" {rF++ EV+4 Str+7 Stlth-}
  6170 | D:6      | HP: 3/71 [iguana (9)]
  6755 | D:6      | HP: 2/73 [something (3)]
  6764 | D:6      | HP: 3/73 [something (4)]
  6767 | D:6      | Slain by an unseen horror

Illustrated notes

Levels and vault maps discovered:
D:1:      giann_bridges, layout_basic, hellmonk_ecumenical_altar_inner_sanctum
D:2:      layout_loops_cross, basic_altar, uniq_sigmund
D:3:      layout_loops_ring, gammafunk_temple_overflow_pools,
          portal_sewer_entry_e, uniq_natasha
D:4:      layout_rooms, nicolae_ossuary_entry_plus, kennysheep_cluttered_room,
          uniq_robin
D:5:      layout_loops_ring, nicolae_overflow_hallway_of_the_gods,
          kennysheep_generic_room_16
D:6:      layout_cave_pools

Skill      XL: |  1  2  3  4  5  6  7  8 |
---------------+-------------------------+-----
Armour         | 4 5 6 7 8 |  8.7
Shields        | 4 5 |  5.1
Fighting       | 4 5 7 |  7.0
Long Blades    | 4 5 7 8 |  8.5
Dodging        | 1 |  1.9
Stealth        | 1 |  1.1

Action                   |  1- 3 |  4- 6 |  7- 9 || total
-------------------------+-------+-------+-------++-------
Melee: Long sword        |    42 |   163 |   206 ||   411
       Headbutt          |    10 |    21 |    26 ||    57
Evoke: Wand              |       |       |     8 ||     8
  Use: Potion            |     3 |     1 |     8 ||    12
       Scroll            |     2 |     9 |     1 ||    12
Armor: Scale mail        |     6 |       |       ||     6
       Chain mail        |     5 |    90 |    70 ||   165
       Plate armour      |       |       |   114 ||   114
Dodge: Dodged            |    15 |    60 |    70 ||   145
Block: Buckler           |     4 |    38 |    60 ||   102
